 Dungeon Crawl Stone Soup version 0.31-a0-876-gfe8ebadbca (webtiles) character file.

Game seed: 2752831149948611269

965 Pixllover the Cudgeller (level 8, -8/51 HPs)
             Began as a Gargoyle Fighter on Oct 14, 2023.
             Was an Initiate of Hepliaklqana.
             Shot with an arrow by a centaur (13 damage)
             ... on level 5 of the Dungeon.
             The game lasted 00:12:29 (3752 turns).

Pixllover the Cudgeller (Gargoyle Fighter)          Turns: 3752, Time: 00:12:30

Health: -8/51      AC: 13    Str: 23    XL:     8   Next: 15%
Magic:  8/8        EV: 10    Int:  8    God:    Hepliaklqana [......]
Gold:   259        SH:  5    Dex: 15    Spells: 7/7 levels left

rFire   . . .        a - +0 flail
rCold   . . .        c - +0 buckler
rNeg    + . .        b - +0 scale mail
rPois   ∞            (no helmet)
rElec   +            (no cloak)
rCorr   .            (no gloves)
SInv    .            (no boots)
Will    .....        (no amulet) Stlth
                     j - +6 ring of dexterity
HPRegen 0.28/turn    (no ring)
MPRegen 0.11/turn

%: no passive effects
@: no status effects
A: sickness immunity, AC +5, negative energy resistance 1, electricity
resistance, torment resistance 1, petrification resistance
a: Renounce Religion


You were on level 5 of the Dungeon.
You worshipped Hepliaklqana.
Hepliaklqana was noncommittal.
You visited 1 branch of the dungeon, and saw 5 of its levels.

You collected 259 gold pieces.

Inventory:

Hand Weapons
 a - a +0 flail (weapon)
Missiles
 r - 4 poisoned darts
 y - 5 javelins
Armour
 b - a +0 scale mail (worn)
 c - a +0 buckler (worn)
 n - a +0 plate armour
Jewellery
 j - a +6 ring of dexterity (left hand)
Wands
 o - a wand of quicksilver (9)
 z - a wand of polymorph (3)
Scrolls
 f - a scroll of teleportation
 g - a scroll of torment {unknown}
 h - 2 scrolls of fear {unknown}
 k - a scroll of butterflies {unknown}
 m - 3 scrolls of amnesia {unknown}
 s - a scroll of enchant weapon {unknown}
 u - a scroll of revelation {unknown}
 v - a scroll of vulnerability {unknown}
Potions
 d - 2 potions of might
 e - 2 potions of mutation {unknown}
 i - 4 potions of attraction
 l - 2 potions of heal wounds
 p - 2 potions of haste {unknown}
 q - a potion of enlightenment {unknown}
 t - 2 potions of curing {unknown}
 w - a potion of magic {unknown}
 x - a potion of lignification {unknown}


   Skills:
 * Level 5.7 Fighting
 + Level 5.9 Maces & Flails
 + Level 5.3 Armour
 + Level 1.8 Dodging
 + Level 0.7 Stealth
 + Level 4.9 Shields


You had 7 spell levels left.
You didn't know any spells.
Your spell library contained the following spells:

 Spells                   Type           Power      Damage    Failure   Level
 Animate Armour           Summ/Erth      0%         N/A       100%        4
 Summon Lightning Spire   Summ/Air       0%         N/A       100%        4
 Lee's Rapid Deconstruct  Erth           0%         3d4*      100%        5


Dungeon Overview and Level Annotations

Branches:
Dungeon (5/15)             Temple (0/1) D:5

Altars:
Fedhas
Hepliaklqana
Trog
Zin


Innate Abilities, Weirdness & Mutations

You are immune to sickness and miasma.
Your stone body is resilient. (AC +5)
You are immune to poison.
You resist negative energy. (rN+)
You are resistant to electric shocks. (rElec)
You are resistant to unholy torment.
You are immune to petrification.


Message History

The hound splashes around in the water.
The orc wizard attacks as it pursues you!
You block the orc wizard's attack.
The orc priest calls down the wrath of Beogh upon you.
Beogh smites you!
* * * LOW HITPOINT WARNING * * *
The hound barely misses you.
The orc splashes around in the water.
The hound attacks as it pursues you! The hound closely misses you.
The centaur unwields a +0 orcbow.
The centaur barely misses you.
The centaur kicks you but does no damage.
The hound misses you.
The orc priest looks braver for a moment.
The centaur wields a +0 orcbow.
The centaur shoots an arrow.
The arrow barely misses you. The hound attacks as it pursues you!
The hound bites you.
* * * LOW HITPOINT WARNING * * *
The hound bites you but does no damage.
The orc wizard gestures wildly while chanting.
The orc wizard flickers and vanishes!
Deactivating autopickup; reactivate with Ctrl-A.
The hound bites you but does no damage.
You hit the hound.
The hound is lightly wounded.
The hound bites you but does no damage.
You barely miss the hound.
The hound is lightly wounded.
The hound closely misses you. The hound bites you but does no damage.
You hit the hound.
The hound is moderately wounded.
The hound bites you but does no damage. x2
You closely miss the hound.
The hound is moderately wounded.
The hound misses you.
You thump the hound!
The hound is almost dead.
The hound completely misses you. You block the hound's attack.
You hit the hound.
You kill the hound!
The centaur shoots an arrow.
The arrow hits you!
You die...

~~....~~≈≈~~ ♣~~...~~≈~~♣
~~....~~≈~~# # #~...~~~~~~#
## .## # #...~~~~~♣ ###.
#.##.# ##...~~)~♣ ... #..?
.....~~~o♣ #.## ##.#####
#####♣~oo♣########.###....†..
#~~{hc.@..........######
##♣################


You could see a black bear, a centaur, an orc priest and an orc.

Vanquished Creatures
  The ghost of BinkBink the Shooter, an amateur DsHu of Qazlal (D:3)
  Edmund (D:3)
  A bullfrog (D:3)
  2 gnoll boudas
  5 hounds
  3 orc priests (D:3)
  2 iguanas
  Natasha (D:3)
  13 adders
  7 gnolls
  A white imp (D:5)
  An ufetubus (D:3)
  A worm (D:2)
  2 dart slugs
  18 orcs
  9 bats
  11 endoplasms
  6 giant cockroaches
  7 goblins
  4 hobgoblins
  7 jackals
  5 kobolds
  3 quokkas
  4 ball pythons
  A frilled lizard (D:1)
  3 rats
119 creatures vanquished.

Notes
Turn   | Place    | Note
-------+----------+-------------------------------------------
     0 | D:1      | Pixllover the Gargoyle Fighter began the quest for the Orb.
     0 | D:1      | Reached XP level 1. HP: 14/14 MP: 1/1
   131 | D:1      | Reached XP level 2. HP: 19/19 MP: 2/2
   422 | D:1      | Reached XP level 3. HP: 24/24 MP: 3/3
   963 | D:2      | Reached XP level 4. HP: 29/29 MP: 4/4
  1455 | D:2      | Reached XP level 5. HP: 30/33 MP: 5/5
  1537 | D:3      | Reached skill level 1 in Dodging
  1658 | D:3      | Found a runed translucent door.
  1660 | D:3      | Noticed BinkBink's ghost (amateur DsHu)
  1808 | D:3      | HP: 1/34 [orc/+0 mace (2)]
  1937 | D:3      | Found a bloodstained altar of Trog.
  1940 | D:3      | Found a glowing silver altar of Zin.
  1943 | D:3      | Found a hazy altar of Hepliaklqana.
  1963 | D:3      | Became a worshipper of Hepliaklqana the Forgotten
  2135 | D:3      | Reached XP level 6. HP: 38/39 MP: 6/6
  2317 | D:3      | Killed BinkBink's ghost
  2330 | D:3      | Reached skill level 5 in Fighting
  2330 | D:3      | Reached XP level 7. HP: 18/44 MP: 7/7
  2461 | D:4      | Noticed Natasha
  2563 | D:4      | Noticed Edmund
  2638 | D:3      | Killed Natasha
  2702 | D:3      | Killed Edmund
  2703 | D:3      | Reached skill level 5 in Maces & Flails
  2733 | D:4      | Found a blossoming altar of Fedhas.
  2951 | D:4      | Reached skill level 5 in Armour
  3322 | D:5      | Entered Level 5 of the Dungeon
  3426 | D:5      | Reached XP level 8. HP: 50/50 MP: 8/8
  3451 | D:5      | Found a staircase to the Ecumenical Temple.
  3752 | D:5      | Shot with an arrow by a centaur

Illustrated notes

Levels and vault maps discovered:
D:1:      noname_arrival_rooms_in_the_neighbourhood, layout_basic,
          chequers_serial_rivers_micro_e, kennysheep_nondescript
D:2:      layout_basic
D:3:      minmay_evil_eye, layout_rooms, grunt_temple_overflow_diamond,
          ebering_ghost_sewer_d
D:4:      layout_rooms, fedhas_altar_2, minmay_cut_off, uniq_natasha,
          uniq_edmund
D:5:      layout_loops_ring, minmay_temple_entry_drinking_statues,
          nicolae_ossuary_entry_catacombs, serial_bayou_ford_a,
          nicolae_elevator_lobby_asterisk

Skill      XL: |  1  2  3  4  5  6  7 |
---------------+----------------------+-----
Shields        | 4 |  4.9
Fighting       | 4 5 |  5.7
Maces & Flails | 3 4 5 |  5.9
Dodging        | 1 |  1.8
Armour         | 4 5 |  5.3
Stealth        | |  0.7

Action                     |  1- 3 |  4- 6 |  7- 9 || total
---------------------------+-------+-------+-------++-------
  Melee: Flail             |   140 |   143 |   194 ||   477
    Use: Potion            |       |     2 |     1 ||     3
         Scroll            |       |       |     1 ||     1
 Armour: Scale mail        |   130 |   137 |   214 ||   481
  Dodge: Dodged            |    73 |   109 |   173 ||   355
  Block: Buckler           |    43 |    45 |    72 ||   160

Table legend: (Time is in decaauts)
 A = Elapsed time spent in this place.
 B = Non-inter-level travel time spent in this place.
 C = Inter-level travel time spent in this place.
 D = Time resting spent in this place.
 E = Time spent auto-exploring this place.
 F = Levels seen in this place.
 G = Mean time per level.
                   A        B        C        D        E       F      G
               +--------+--------+--------+--------+--------+-----+--------+
         Total |   3895 |   3751 |    144 |    347 |   1768 |   5 |  779.0 |
       Dungeon |   3895 |   3751 |    144 |    347 |   1768 |   5 |  779.0 |
               +--------+--------+--------+--------+--------+-----+--------+

Top non-repeatable levels by time:
     D:3: 1177 daAuts
     D:2: 927 daAuts
     D:1: 701 daAuts
     D:4: 646 daAuts
     D:5: 443 daAuts
